 Dungeon Crawl Stone Soup version 0.30-a0-857-gcaf70739d4 (webtiles) character file.

Game seed: 5795941363283627434

2326 gelatine the Chopper (level 9, -11/66 HPs)
             Began as a Demonspawn Gladiator on Mar 5, 2023.
             Was an Initiate of Qazlal.
             Killed by divine providence
             ... invoked by an orc priest
              (12 damage)
             ... on level 6 of the Dungeon.
             The game lasted 00:12:37 (4323 turns).

gelatine the Chopper (Demonspawn Gladiator)         Turns: 4323, Time: 00:12:37

Health: -11/66     AC: 15    Str: 21    XL:     9   Next: 19%
Magic:  14/14      EV: 17    Int: 14    God:    Qazlal [......]
Gold:   365        SH:  4    Dex: 14    Spells: 15/15 levels left

rFire   . . .      SeeInvis .    a - +0 war axe
rCold   + . .      Faith    .    (no shield)
rNeg    . . .      Spirit   .    t - +0 ring mail of Precision Catastrophes {rPois rCorr}
rPois   +          Reflect  .    c - +0 helmet
rElec   .          Rampage  .    D - +1 cloak {Will+}
rCorr   +                        L - +1 pair of gloves
Will    +....                    (no boots)
Stlth   +                        (no amulet)
HPRegen 0.31/turn                f - +5 ring of evasion
MPRegen 0.14/turn                d - +6 ring of strength

@: mighty, lethally poisoned (-11 -> -25)
A: icy blue scales 3, powered by death 1, condensation shield
a: Renounce Religion


You were on level 6 of the Dungeon.
You worshipped Qazlal.
Qazlal was noncommittal.
You visited 2 branches of the dungeon, and saw 7 of its levels.

You collected 365 gold pieces.

Inventory:

Hand Weapons
 a - a +0 war axe (weapon)
 o - the +4 dagger of Ascent {spect, rF- rN++ Str+4}
   (You found it on level 2 of the Dungeon)

   Str:       It affects your strength (+4).
   rF:        It makes you vulnerable to fire.
   rN:        It greatly protects you from negative energy.
 E - a +4 quarterstaff of chaos
 H - a +4 flail
Missiles
 e - a javelin
 v - 5 boomerangs (quivered)
 J - 3 poisoned darts
Armour
 c - a +0 helmet (worn)
 t - the +0 ring mail of Precision Catastrophes (worn) {rPois rCorr}
   (You found it on level 3 of the Dungeon)

   rPois:     It protects you from poison.
   rCorr:     It protects you from acid and corrosion.
 D - a +1 cloak of willpower (worn)
 L - a +1 pair of gloves (worn)
Jewellery
 d - a +6 ring of strength (right hand)
 f - a +5 ring of evasion (left hand)
 l - a ring of ice
 G - a ring of see invisible
Wands
 B - a wand of mindburst (7)
 C - a wand of polymorph (13)
Scrolls
 g - a scroll of torment {unknown}
 h - a scroll of magic mapping {unknown}
 i - 5 scrolls of identify
 j - 3 scrolls of blinking {unknown}
 m - 2 scrolls of noise
 q - a scroll of fear {unknown}
 s - 2 scrolls of amnesia {unknown}
 w - 3 scrolls of silence {unknown}
 x - a scroll of enchant armour {unknown}
 y - 3 scrolls of enchant weapon {unknown}
 z - a scroll of fog {unknown}
 F - a scroll of brand weapon {unknown}
Potions
 k - 2 potions of attraction
 n - 3 potions of curing
 p - a potion of might
 r - a potion of flight {unknown}
 u - 2 potions of degeneration {unknown}
 A - a potion of berserk rage {unknown}
 I - a potion of resistance {unknown}
 K - a potion of cancellation {unknown}


   Skills:
 * Level 4.6 Fighting
 * Level 7.7 Axes
 * Level 2.9 Throwing
 * Level 3.4 Armour
 * Level 4.6 Dodging
 + Level 0.7 Stealth
 * Level 1.4 Shields
 * Level 3.7 Spellcasting
 * Level 1.9 Evocations


You had 15 spell levels left.
You didn't know any spells.
Your spell library contained the following spells:

 Spells                   Type           Power      Damage    Failure   Level
 Portal Projectile        Hex/Tloc       4%         N/A       67%         3
 Tukima's Dance           Hex            2%         N/A       67%         3
 Passage of Golubria      Tloc           2%         N/A       97%         4
 Blade Hands              Tmut           1%         N/A       100%        5
 Silence                  Hex/Air        1%         N/A       100%        5
 Lehudib's Crystal Spear  Conj/Erth      1%         10d2      100%        8


Dungeon Overview and Level Annotations

Branches:
Dungeon (6/15)             Temple (1/1) D:5

Altars:
Ashenzari
Cheibriados
Dithmenos
Fedhas
Makhleb
Nemelex Xobeh
Okawaru
Qazlal
Ru
Sif Muna
Trog
Uskayaw
Wu Jian
Xom
Yredelemnul

Annotations:
D:5 2 transporters
D:6 2 transporters


Innate Abilities, Weirdness & Mutations

You are completely covered in icy blue scales. (AC +4, rC+)
You regenerate a little health from kills.
A meltable shield of frost defends you. (SH +4)


Message History

You closely miss the orc warrior.
The orc warrior is moderately wounded.
You hear the rapid rusting of a very distant drain.
The orc warrior misses you.
You hit the orc warrior.
The orc warrior is heavily wounded.
The orc warrior barely misses you.
You hit the orc warrior but do no damage.
The orc warrior is heavily wounded.
The orc warrior hits you but does no damage.
The orc warrior hits you with a +1 war axe of venom.
You slash the orc warrior!
The orc warrior is almost dead.
The orc priest looks satisfied for a moment.
The orc warrior hits you but does no damage.
You are poisoned.
You barely miss the orc warrior.
The orc warrior is almost dead.
You feel sick.
The orc warrior hits you but does no damage.
You barely miss the orc warrior.
The orc warrior is almost dead.
You feel sick.
The orc priest casts a cantrip, but nothing happens.
The orc warrior hits you but does no damage.
You closely miss the orc warrior.
The orc warrior is almost dead.
You feel sick.
The orc priest calls down the wrath of Beogh upon you.
Beogh smites you!
* * * LOW HITPOINT WARNING * * *
The orc warrior barely misses you.
You feel better.
A kobold comes into view. It is wielding a +0 club.
The orc warrior hits you with a +1 war axe of venom!
* * * LOW HITPOINT WARNING * * *
You are lethally poisoned!
The orc priest mumbles some strange prayers to Beogh against you.
Beogh smites you!
You die...

#§§.≈§≈§.≈#................##...
#§§≈≈§§§≈.#.[....#####.....##..#
#....§.§..#..........###...##..#
..#########..###.................
## #......# #...............##
.#......###..........##...##
#......).........#...##)..##
###########......#####....##
#@###.## ##....## #o###...
#.§§§... #oo##..####..§####
#K.##..###§§§§§###
#..#...##§§§§§§.##
#..#.<.#§§§.§§§§.#
...#....§§§.......
.K.#....§§§._.....
...##....).......)


You could see an orc warrior, 2 orc priests and 2 kobolds.

Vanquished Creatures
  Grinder (D:5)
  Sigmund (D:6)
  A water moccasin (D:6)
  A black bear (D:4)
  2 ice beasts
  A sky beast (D:5)
  2 ogres (D:5)
  A phantom (D:5)
  Blork the orc (D:5)
  7 scorpions
  4 wights (D:6)
  3 howler monkeys
  2 jellies
  Crazy Yiuf (D:5)
  3 hounds
  2 iguanas
  2 orc wizards
  4 gnolls (D:2)
  6 adders
  A worm (D:4)
  A dart slug (D:4)
  11 orcs
  5 bats
  6 endoplasms
  4 giant cockroaches
  7 goblins
  5 hobgoblins
  9 kobolds
  5 quokkas
  9 ball pythons
  3 frilled lizards (D:2)
  4 rats
115 creatures vanquished.

Notes
Turn   | Place    | Note
-------+----------+-------------------------------------------
     0 | D:1      | gelatine the Demonspawn Gladiator began the quest for the
                  | Orb.
     0 | D:1      | Reached XP level 1. HP: 16/16 MP: 1/1
   595 | D:1      | Gained mutation: You regenerate a little health from kills.
                  | [demonic ancestry]
   595 | D:1      | Reached XP level 2. HP: 22/22 MP: 3/3
   944 | D:2      | Identified the +4 dagger of Ascent {spect, rF- rN++ Str+4}
   982 | D:2      | Reached skill level 1 in Spellcasting
  1092 | D:2      | Gained mutation: You are partially covered in icy blue
                  | scales. (AC +2) [demonic ancestry]
  1092 | D:2      | Reached XP level 3. HP: 27/27 MP: 4/4
  1217 | D:2      | Reached skill level 3 in Axes
  1245 | D:2      | Reached XP level 4. HP: 16/34 MP: 6/6
  1248 | D:2      | Reached skill level 1 in Armour
  1568 | D:3      | Identified the +0 ring mail of Precision Catastrophes
                  | {rPois rCorr}
  1980 | D:4      | Noticed a black bear
  1989 | D:4      | Gained mutation: You are mostly covered in icy blue scales.
                  | (AC +3) [demonic ancestry]
  1989 | D:4      | Reached XP level 5. HP: 22/39 MP: 7/7
  1995 | D:4      | Killed a black bear
  1996 | D:4      | Reached skill level 4 in Axes
  2106 | D:4      | Reached XP level 6. HP: 42/46 MP: 9/9
  2255 | D:4      | Noticed an ice beast
  2276 | D:4      | Killed an ice beast
  2319 | D:4      | Reached skill level 5 in Axes
  2319 | D:4      | Gained mutation: A meltable shield of frost defends you.
                  | (SH +4) [demonic ancestry]
  2319 | D:4      | Reached XP level 7. HP: 52/52 MP: 10/10
  2743 | D:5      | Entered Level 5 of the Dungeon
  2743 | D:5      | Found a staircase to the Ecumenical Temple.
  2810 | D:5      | Reached skill level 6 in Axes
  2835 | D:5      | Gained mutation: You are completely covered in icy blue
                  | scales. (AC +4, rC+) [demonic ancestry]
  2835 | D:5      | Reached XP level 8. HP: 56/60 MP: 10/12
  2841 | D:5      | Noticed Blork the orc
  2853 | D:5      | Killed Blork the orc
  2972 | D:5      | Found a transporter.
  3046 | D:5      | Noticed Grinder
  3062 | D:5      | Paralysed by Grinder for 3 turns
  3069 | D:5      | Killed Grinder
  3070 | D:5      | Reached skill level 7 in Axes
  3244 | D:5      | Found a transporter.
  3342 | D:5      | Found a runed translucent door.
  3344 | D:5      | Noticed Crazy Yiuf
  3353 | D:5      | Killed Crazy Yiuf
  3393 | Temple   | Entered the Ecumenical Temple
  3814 | D:6      | Found a shadowy altar of Dithmenos.
  3828 | D:6      | Reached skill level 1 in Shields
  3833 | D:6      | Reached skill level 1 in Evocations
  3951 | D:6      | Noticed Sigmund
  3959 | D:6      | Killed Sigmund
  3960 | D:6      | Reached XP level 9. HP: 54/66 MP: 14/14
  4018 | D:6      | Found a stormy altar of Qazlal.
  4051 | D:6      | Became a worshipper of Qazlal Stormbringer
  4154 | D:6      | Found a transporter.
  4168 | D:6      | Found a transporter.
  4173 | D:6      | Noticed a troll
  4177 | D:6      | Found an iron altar of Okawaru.
  4323 | D:6      | HP: 1/66 [orc warrior/+1 war axe of venom (12)]
  4323 | D:6      | Killed from afar by an orc priest

Illustrated notes

Levels and vault maps discovered:
D:1:      tekkud_arrival_beachfront_property, layout_basic,
          amcnicky_mini_rare_corridor_liquid
D:2:      layout_basic, minmay_pentomino_r2
D:3:      layout_rooms
D:4:      minmay_wonky_spiral, layout_cave_pools, nicolae_underground_beach
D:5:      gammafunk_wand_slinger, layout_rooms, minmay_temple_entry_tees,
          uniq_crazy_yiuf_cottage, uniq_blork_the_orc, uniq_grinder
D:6:      layout_basic, mainiacjoe_overflow_paths,
          nicolae_dithmenos_the_darkroom, lemuel_zombie_altar_kikubaaqudgha,
          gammafunk_temple_overflow_arena, portal_sewer_entry_e,
          kennysheep_small_square, uniq_sigmund, uniq_edmund
Temple:   nicolae_temple_bog_church

Skill      XL: |  1  2  3  4  5  6  7  8 |
---------------+-------------------------+-----
Dodging        | 3 4 |  4.6
Spellcasting   | 1 2 3 |  3.7
Axes           | 3 4 5 6 7 |  7.7
Armour         | 1 2 3 |  3.4
Fighting       | 3 4 |  4.6
Throwing       | 2 |  2.9
Shields        | 1 |  1.4
Evocations     | 1 |  1.9
Stealth        | |  0.7

Action                     |  1- 3 |  4- 6 |  7- 9 || total
---------------------------+-------+-------+-------++-------
  Melee: War axe           |    75 |   127 |   199 ||   401
         Punch             |       |       |     2 ||     2
  Throw: Throwing net      |       |     7 |     3 ||    10
         Boomerang         |       |       |    41 ||    41
         Javelin           |       |       |     1 ||     1
    Use: Scroll            |       |     4 |     1 ||     5
         Potion            |       |     1 |     4 ||     5
   Stab: Sleeping          |     1 |       |       ||     1
         Held in net/web   |       |     1 |       ||     1
 Armour: Leather armour    |     9 |     9 |       ||    18
         Ring mail         |       |    37 |    52 ||    89
  Dodge: Dodged            |    88 |   164 |   145 ||   397
  Block: Other             |       |       |    46 ||    46

Table legend: (Time is in decaauts)
 A = Elapsed time spent in this place.
 B = Non-inter-level travel time spent in this place.
 C = Inter-level travel time spent in this place.
 D = Time resting spent in this place.
 E = Time spent auto-exploring this place.
 F = Levels seen in this place.
 G = Mean time per level.
                   A        B        C        D        E       F      G
               +--------+--------+--------+--------+--------+-----+--------+
         Total |   4438 |   4184 |    254 |      0 |   3043 |   7 |  634.0 |
       Dungeon |   4146 |   3956 |    190 |      0 |   2854 |   6 |  691.0 |
        Temple |    291 |    227 |     64 |      0 |    188 |   1 |  291.0 |
               +--------+--------+--------+--------+--------+-----+--------+

Top non-repeatable levels by time:
     D:1: 860 daAuts
     D:4: 804 daAuts
     D:5: 693 daAuts
     D:2: 660 daAuts
     D:6: 640 daAuts
     D:3: 486 daAuts
  Temple: 291 daAuts
